 Dungeon Crawl Stone Soup version 0.24-a0-235-g3f03afcf10 (webtiles) character file.

Game seed: 1649257610096782329

1857782 dricus the Slayer (level 27, 186/212 HPs)
             Began as a Deep Elf Conjurer on Apr 5, 2019.
             Was the Champion of Kikubaaqudgha.
             Escaped with the Orb
             ... and 4 runes on Apr 6, 2019!
             The game lasted 06:35:26 (114166 turns).

dricus the Slayer (Deep Elf Conjurer)             Turns: 114166, Time: 06:35:26

Health: 186/212    AC: 25    Str: 27    XL:     27
Magic:  34/34      EV: 28    Int: 25    God:    Kikubaaqudgha [******]
Gold:   6637       SH: 20    Dex: 17    Spells: 11/54 levels left

rFire    + + +     SeeInvis +   a - +9 quick blade (pain)
rCold    . . .     Gourm    .   A - +5 shield {reflect}
rNeg     . . .     Faith    .   r - +5 scale mail "Ismam" {rPois rF+ Str+3 Dex+4}
rPois    +         Spirit   .   f - +2 helmet
rElec    .         Reflect  +   U - +2 cloak {MR+}
rCorr    .         Harm     .   J - +2 pair of gloves
MR       +++..     Rnd*Rage +   p - +1 pair of boots {Fly} Stlth +.........NoTele +
                                O - amulet of regeneration
HPRegen  0.85/turn              S - ring "Ephuock" {Fire -Tele *Corrode Str+10 SInv}
MPRegen  0.24/turn              q - ring "Odee" {*Drain rF+ rC+ EV+2, =R}

@: deflect missiles
A: thin skeletal structure 1, camouflage 1, berserk 1, blurry vision 2, clumsy
2, deformed body, deterioration 2, low mp 2, robust 1, teleportitis 1, subdued
magic 3
0: Orb of Zot
}: 4/15 runes: decaying, silver, abyssal, gossamer
a: Receive Corpses, Torment, Renounce Religion, Evoke Flight


You escaped.
You worshipped Kikubaaqudgha.
Kikubaaqudgha was exalted by your worship.
You were very full.

You visited 11 branches of the dungeon, and saw 53 of its levels.
You visited the Abyss 1 time.
You also visited: Bailey and Ice Cave.

You collected 11119 gold pieces.
You spent 4482 gold pieces at shops.

Inventory:

Hand Weapons
 a - a +9 quick blade of pain (weapon)
   (You found it in an ice cave)
 b - a +4 demon blade of flaming
   (You found it on level 4 of the Depths)
 w - a +1 eudemon blade of holy wrath
   (You took it off Mennas on level 4 of the Vaults)
Missiles
 D - 2 throwing nets (quivered) {!f}
Armour
 f - a +2 helmet (worn)
   (You found it on level 9 of the Dungeon)
 p - a +1 pair of boots of flying (worn)
   (You found it on level 2 of the Dungeon)
 r - the +5 scale mail "Ismam" (worn) {rPois rF+ Str+3 Dex+4}
   (You found it on level 13 of the Dungeon)

   It affects your strength (+3).
   It affects your dexterity (+4).
   It protects you from fire.
   It protects you from poison.
 A - a +5 shield of reflection (worn)
   (You took it off Donald on level 3 of the Elven Halls)
 J - a +2 pair of gloves (worn)
   (You found it on level 4 of the Vaults)
 U - a +2 cloak of magic resistance (worn)
   (You bought it in a shop on level 7 of the Dungeon)
Jewellery
 i - an uncursed ring of protection from fire
   (You took it off a vault sentinel on level 4 of the Vaults)
 o - the ring "Ilumi" {rElec rC- Str+5 SInv}
   (You bought it in a shop on level 5 of the Depths)

   [ring of strength]

   It affects your strength (+5).
   It makes you vulnerable to cold.
   It insulates you from electricity.
   It lets you see invisible.
 q - the ring "Odee" (right hand) {*Drain rF+ rC+ EV+2, =R}
   (You bought it in a shop on level 5 of the Depths)

   [ring of evasion]

   It affects your evasion (+2).
   It protects you from fire.
   It protects you from cold.
   It causes draining when unequipped.
 s - an uncursed ring of resist corrosion
   (You found it on level 3 of the Dungeon)
 z - an uncursed ring of see invisible
   (You acquired it on level 4 of the Depths)
 O - an amulet of regeneration (around neck)
   (You found it on level 4 of the Dungeon)
 S - the ring "Ephuock" (left hand) {Fire -Tele *Corrode Str+10 SInv}
   (You acquired it on level 1 of the Vaults)

   [ring of fire]

   It enhances your fire magic.
   It affects your strength (+10).
   It protects you from fire.
   It makes you vulnerable to cold.
   It lets you see invisible.
   It prevents most forms of teleportation.
   It may corrode you when you take damage.
 W - the ring of Robustness {AC+8}
   (You took it off a deep elf blademaster on level 3 of the Elven Halls)

   [ring of protection]

   It affects your AC (+8).
Wands
 c - a wand of disintegration (36)
   (You found it on level 3 of the Dungeon)
 d - a wand of iceblast (98)
   (You found it on level 5 of the Dungeon)
 u - a wand of paralysis (27)
   (You found it on level 11 of the Dungeon)
 v - a wand of digging (11)
   (You found it on level 5 of the Depths)
 x - a wand of acid (36)
   (You found it on level 4 of the Swamp)
 K - a wand of enslavement (39)
   (You found it on level 8 of the Dungeon)
Scrolls
 g - 26 scrolls of remove curse {@r2}
 h - 4 scrolls of vulnerability {!r}
 l - 2 scrolls of summoning
 t - 9 scrolls of identify {@r1}
 y - a scroll of blinking
 G - 19 scrolls of teleportation {@r4}
 I - 3 scrolls of magic mapping
 N - 3 scrolls of holy word
 P - 3 scrolls of fog
 Q - 7 scrolls of fear
 T - 9 scrolls of immolation {!r}
 Z - 4 scrolls of silence
Potions
 j - 3 potions of invisibility
 m - 17 potions of curing {@q1}
 n - 5 potions of resistance
 B - 8 potions of lignification {!q}
 E - 2 potions of might
 F - 2 potions of haste {@q3}
 H - 8 potions of ambrosia
 L - 4 potions of agility
 M - 5 potions of brilliance
 R - 6 potions of berserk rage
 V - 3 potions of heal wounds {@q2}
 X - 6 potions of magic
 Y - a potion of cancellation
Comestibles
 e - 27 rations {!d}


   Skills:
 * Level 25.0 Fighting
 - Level 8.0(12.2) Short Blades
 - Level 13.3(14.0) Long Blades
 + Level 15.1 Armour
 + Level 21.1 Dodging
 - Level 2.4 Stealth
 - Level 15.0 Shields
 - Level 14.0 Spellcasting
 - Level 10.0 Conjurations
 - Level 10.0 Charms
 - Level 20.0 Necromancy
 - Level 4.0 Translocations
 - Level 13.0 Air Magic
 - Level 12.0 Earth Magic


You had 11 spell levels left.
You knew the following spells:

 Your Spells              Type           Power        Failure   Level  Hunger
a - Magic Dart            Conj           ####         0%          1    None
b - Bolt of Draining      Conj/Necr      #####.....   1%          5    ##.....
c - Agony                 Necr           ######..     0%          5    ##.....
d - Dispel Undead         Necr           ######..     0%          5    ##.....
e - Deflect Missiles      Chrm/Air       #####.....   3%          6    ####...
f - Borgnjor's Vile Clut  Necr/Erth      ######....   1%          5    ##.....
i - Blink                 Tloc           N/A          1%          2    None
p - Apportation           Tloc           ###...       1%          1    None
r - Regeneration          Chrm/Necr      #####.....   0%          3    None
u - Animate Dead          Necr           N/A          0%          4    None
x - Iskenderun's Mystic   Conj           #####...     1%          4    None
Z - Sublimation of Blood  Necr           ######....   0%          2    None

Your spell library contained the following spells:

 Spells                   Type           Power        Failure   Level  Hunger
 Animate Skeleton         Necr           N/A          0%          1    None
 Pain                     Necr           ####         0%          1    None
 Sandblast                Erth           #####.       0%          1    None
 Corpse Rot               Necr           N/A          0%          2    None
 Searing Ray              Conj           #####.       0%          2    None
 Swiftness                Chrm/Air       #####...     0%          2    None
 Vampiric Draining        Necr           ######....   0%          3    None
 Flame Tongue             Conj/Fire      ####.        1%          1    None
 Passwall                 Tmut/Erth      ####....     1%          2    None
 Poisonous Vapours        Pois/Air       ####..       1%          2    None
 Shroud of Golubria       Chrm/Tloc      ####......   1%          2    None
 Throw Flame              Conj/Fire      ####..       1%          2    None
 Conjure Flame            Conj/Fire      ####....     1%          3    None
 Dazzling Spray           Conj/Hex       ###...       1%          3    None
 Gell's Gravitas          Tloc           ###.......   1%          3    None
 Lesser Beckoning         Tloc           ###.......   1%          3    None
 Mephitic Cloud           Conj/Pois/Air  ####....     1%          3    None
 Spectral Weapon          Hex/Chrm       ###.....     1%          3    None
 Stone Arrow              Conj/Erth      #####.       1%          3    None
 Teleport Other           Tloc           ###.....     1%          3    None
 Force Lance              Conj/Tloc      ####....     1%          4    None
 Petrify                  Tmut/Erth      ####....     1%          4    None
 Summon Lightning Spire   Summ/Air       ####....     1%          4    None
 Excruciating Wounds      Chrm/Necr      #####.....   1%          5    ##.....
 Lee's Rapid Deconstruct  Erth           #####.....   1%          5    ##.....
 Death Channel            Necr           ######....   1%          6    ####...
 Beastly Appendage        Tmut           #.....       2%          1    None
 Confusing Touch          Hex            #.....       2%          1    None
 Corona                   Hex            #......      2%          1    None
 Summon Butterflies       Summ           #.......     2%          1    None
 Summon Small Mammal      Summ           #...         2%          1    None
 Portal Projectile        Hex/Tloc       ##....       3%          3    None
 Recall                   Summ/Tloc      N/A          3%          3    None
 Fulminant Prism          Conj/Hex       ###.......   3%          4    None
 Sticky Flame             Conj/Fire      ####....     3%          4    None
 Bolt of Magma            Conj/Fire/Erth #####.....   3%          5    ##.....
 Conjure Ball Lightning   Conj/Air       #####.....   3%          6    ####...
 Call Imp                 Summ           #.......     4%          2    None
 Ensorcelled Hibernation  Hex/Ice        #.....       4%          2    None
 Slow                     Hex            #.......     4%          2    None
 Sticks to Snakes         Tmut           #.......     4%          2    None
 Simulacrum               Ice/Necr       #####.....   8%          6    ####...
 Call Canine Familiar     Summ           #.......     10%         3    None
 Confuse                  Hex            #.......     10%         3    None
 Ignite Poison            Fire/Tmut/Pois ##......     10%         3    None
 Inner Flame              Hex/Fire       ##......     10%         3    None
 Spider Form              Tmut/Pois      #.........   10%         3    None
 Summon Guardian Golem    Hex/Summ       #.......     10%         3    None
 Tukima's Dance           Hex            #.......     10%         3    None
 Fireball                 Conj/Fire      ####......   12%         5    ##.....
 Freezing Cloud           Conj/Ice/Air   ####......   24%         6    ####...
 Cause Fear               Hex            #.........   36%         4    None
 Ice Form                 Ice/Tmut       #.......     36%         4    None
 Summon Ice Beast         Ice/Summ       #.......     36%         4    None
 Summon Forest            Summ/Tloc      ##........   43%         5    ##.....
 Bolt of Cold             Conj/Ice       ###.......   61%         6    ####...
 Bolt of Fire             Conj/Fire      ####......   61%         6    ####...
 Alistair's Intoxication  Tmut/Pois      #.......     73%         5    ##.....
 Aura of Abjuration       Summ           #.........   73%         5    ##.....
 Blade Hands              Tmut           #.........   73%         5    ##.....
 Metabolic Englaciation   Hex/Ice        #.........   73%         5    ##.....
 Summon Demon             Summ           #.........   73%         5    ##.....
 Summon Mana Viper        Hex/Summ       #.......     73%         5    ##.....
 Yara's Violent Unravell  Hex/Tmut       #.........   73%         5    ##.....
 Dispersal                Tloc           ###.......   77%         6    ####...
 Ring of Flames           Chrm/Fire      ####......   99%         7    ######.
 Darkness                 Hex            #.........   100%        6    ####...
 Invisibility             Hex            #.......     100%        6    ####...
 Shadow Creatures         Summ           N/A          100%        6    ####...
 Dragon Form              Tmut           #.........   100%        7    ######.
 Controlled Blink         Tloc           N/A          100%        8    #######
 Disjunction              Tloc           ###.......   100%        8    #######
 Ignition                 Fire           ##........   100%        8    #######
 Dragon's Call            Summ           #.........   100%        9    #######
 Passage of Golubria      Tloc           Unusable     N/A         4    N/A

Dungeon Overview and Level Annotations

Branches:
Dungeon (15/15)            Temple (1/1) D:6            Lair (6/6) D:11
  Swamp (4/4) Lair:4       Spider (4/4) Lair:3        Slime (0/5) Lair:6
    Orc (2/2) D:12            Elf (3/3) Orc:2        Vaults (5/5) D:13
  Crypt (3/3) Vaults:3       Tomb (0/3) Crypt:3      Depths (5/5) D:15
    Zot (5/5) Depths:5

Altars:
Ashenzari
Cheibriados
Dithmenos
Elyvilon
Fedhas
Gozag
Hepliaklqana
Kikubaaqudgha
Makhleb
Nemelex Xobeh
Okawaru
Qazlal
Ru
Sif Muna
Trog
Uskayaw
Vehumet
Wu Jian
Xom
Yredelemnul
Zin
The Shining One
Beogh
Jiyva
Lugonu

Shops:
D:4 %:   D:7 [   Orc:2 (%[}   Vaults:1 *   Depths:1 :=   Depths:5 *=}=

Portals:
Hell: Depths:1 Depths:2 Depths:3 Depths:4 Depths:5
Abyss: Depths:2 Depths:3 Depths:4
Pandemonium: Depths:1 Depths:2 Depths:3
Ziggurat: Depths:3
Trove: Depths:1 (give 2 scrolls of acquirement)

Annotations:
D:3 1 runed translucent door, Redear's ghost, amateur OpEn
D:11 2 transporters, hemabe's ghost, journeyman HuAr
D:12 1 runed translucent door, Tarias's ghost, journeyman BaSu
Lair:5 1 runed translucent door, Fafec's ghost, journeyman HaHu
Lair:6 1 runed translucent door
Spider:3 1 runed translucent door, Otuihi's ghost, adept MiBe
Orc:2 3 runed translucent doors, grizmgrazm2's ghost, journeyman DsTm
Elf:1 6 runed translucent doors
Elf:2 3 runed translucent doors
Vaults:4 2 runed translucent doors, Angiforph's ghost, adept DsBe; Horiff's ghost, adept DrIE
Zot:1 3 runed translucent doors, Efuif's ghost, legendary SpEn


Innate Abilities, Weirdness & Mutations

You have a somewhat thin skeletal structure. (Dex +2, Stealth)
Your skin changes colour to match your surroundings (Stealth+).
You tend to lose your temper in combat.
Scrolls take you longer to read.
You are very clumsy. (Dex -4)
Armour fits poorly on your strangely shaped body.
Your body often deteriorates upon taking damage.
Your magical capacity is very low. (-20% MP)
You are robust. (+10% HP)
You are occasionally teleported next to monsters.
Your spells are much easier to cast, but much less powerful.


Message History

You climb upwards.
Level annotation: 1 runed translucent door, Redear's ghost, amateur OpEn
There is a stone staircase leading down here.
There is an escape hatch in the ceiling here.
Really go through this one-way escape hatch?
A mysterious force pulls you upwards. The hatch slams shut behind you.
(D) Dungeon (T) Temple (L) Lair (S) Swamp (N) Spider Nest (M) Slime Pits (O) Orcish Mines (E) Elven Halls (V) Vaults (C) Crypt (W) Tomb (U) Depths (H) Hell (Z) Zot
Where to? (Enter - D:1 @ (x,y), ? - help)
An Orb Guardian comes into view.
There is a stone staircase leading up here.
You climb upwards.
There is a stone staircase leading down here.
There is an open door here.
An Orb Guardian comes into view.
You block the Orb Guardian's attack. The Orb Guardian hits you!
You block the Orb Guardian's attack. You block the Orb Guardian's attack.
The Orb Guardian completely misses you.
There is a staircase leading out of the dungeon here.
You slice the Orb Guardian!!
The Orb Guardian hits you but does no damage.
You hit the Orb Guardian but do no damage.
The Orb Guardian hits you!
Wield which item (- for none, * to show all)? (? for menu, Esc to quit)
Your +1 eudemon blade of holy wrath stops glowing.
A searing pain shoots up your arm!
a - a +9 quick blade of pain (weapon)
The Orb Guardian hits you but does no damage.
You hit the Orb Guardian but do no damage.
The Orb Guardian writhes in agony!
You puncture the Orb Guardian!
The Orb Guardian writhes in agony!
The Orb Guardian hits you!
You closely miss the Orb Guardian.
You hit the Orb Guardian but do no damage.
The Orb Guardian writhes in agony.
You hit the Orb Guardian but do no damage.
The Orb Guardian writhes in agony!
You block the Orb Guardian's attack.
You hit the Orb Guardian but do no damage.
The Orb Guardian writhes in agony.
You barely miss the Orb Guardian. The Orb Guardian hits you.
You hit the Orb Guardian but do no damage.
The Orb Guardian writhes in agony!
You kill the Orb Guardian!
Kikubaaqudgha accepts your kill.
Put on which piece of jewellery? (? for menu, Esc to quit)
Okay, then.
You have escaped!

###########
#.'P≈.≈≈#@#
#.#.≈.≈.#.#
#.#≈..≈.#.#
########.#≈≈.....#
.........#≈≈PP.≈≈#
##########PP≈≈.P≈#
#≈.P≈≈P≈#
#########


There were no monsters in sight!

Vanquished Creatures
  5 orbs of fire
  Khufu (Crypt:1)
  Mara (Crypt:1)
  Mennas (Vaults:4)
  4 ancient liches
  A juggernaut (Depths:4)
  3 greater mummies
  Margery (Crypt:2)
  Frederick (Crypt:1)
  Bai Suzhen (Vaults:4)
  9 Killer Klowns
  A curse toe (Zot:5)
  14 golden dragons
  3 bone dragons
  the Enchantress (Depths:2)
  A shard shrike zombie (Crypt:1)
  4 electric golems
  Arachne (Spider:4)
  2 Brimstone Fiends (Zot:4)
  15 tentacled monstrosities
  27 Orb Guardians
  5 liches
  2 deep elf master archers (Elf:3)
  8 acid blobs
  4 titans
  11 quicksilver dragons
  2 deep elf blademasters (Elf:3)
  Frances (Swamp:2)
  10 death cobs
  2 sphinxes
  12 storm dragons
  3 thorn hunters
  Kirke (Spider:4)
  11 shadow dragons
  9 draconian monks
  An ancient champion (Crypt:2)
  Donald (Elf:3)
  8 tengu reavers
  10 fire giants
  11 draconian knights
  8 draconian scorchers
  A revenant (Crypt:2)
  12 frost giants
  An iron dragon (Depths:3)
  An orc warlord (Vaults:4)
  3 emperor scorpions
  An emperor scorpion (shapeshifter) (Depths:3)
  8 ghost moths
  13 vault wardens
  2 deep elf sorcerers
  A balrug (Depths:5)
  6 draconian shifters
  5 curse skulls
  6 draconian stormcallers
  14 ironheart preservers
  9 draconian annihilators
  5 war gargoyles
  6 spriggan defenders
  A reaper (IceCv)
  17 very ugly things
  7 deep elf elementalists
  5 ghouls (Crypt:2)
  An entropy weaver (shapeshifter) (Depths:4)
  8 stone giants
  8 entropy weavers
  10 deep elf demonologists
  12 deep elf annihilators
  8 vampire knights
  18 purple draconians
  20 yellow draconians
  18 green draconians
  23 black draconians
  6 spark wasps
  14 red draconians
  15 white draconians
  A dire elephant (D:15)
  A quicksilver dragon zombie (Crypt:3)
  10 ettins
  A mummy priest (Crypt:3)
  A green death (Depths:2)
  3 deep elf death magi
  15 jiangshi
  5 deep elf high priests
  19 yaktaur captains
  10 fire dragons
  12 ogre magi
  12 hydras
  17 ice dragons
  7 great orbs of eyes
  3 rakshasas
  A hell beast (Zot:3)
  29 vault guards
  2 spriggan air magi
  An anaconda (Depths:5)
  A catoblepas (D:14)
  2 shambling mangroves
  4 ghost crabs
  4 death knights
  9 centaur warriors
  16 dancing weapons
  5 deep troll shamans
  9 deep troll earth magi
  52 two-headed ogres
  8 alligators
  4 orc high priests
  A merfolk avatar (Lair:6)
  A thrashing horror (Abyss:3)
  4 tengu warriors
  8 vampire magi
  4 spriggan berserkers
  23 hell knights
  A fire crab (shapeshifter) (Depths:2)
  A storm dragon zombie (Vaults:4)
  2 sun demons (Depths:5)
  A fire crab (Lair:6)
  An iron troll (shapeshifter) (Vaults:2)
  A shadow wraith (Vaults:2)
  26 deep elf knights
  A sixfirhy (Depths:1)
  2 infernal demonspawn
  25 skeletal warriors
  A swamp dragon (Swamp:1)
  An iron troll (Depths:4)
  2 unseen horrors (Vaults:1)
  4 wizards
  A sea snake (shapeshifter) (Vaults:2)
  5 spriggan druids
  A large abomination (Crypt:1)
  7 flayed ghosts
  16 phantasmal warriors
  30 deep trolls
  A naga ritualist (Depths:5)
  26 deep elf archers
  The ghost of pentaxis93 the Cleaver, a novice MiFi of Okawaru (D:6)
  14 ironbrand convokers
  A shadow dragon zombie (Crypt:1)
  A spectral hydra (Swamp:3)
  A glowing orange brain (Depths:5)
  24 orc knights
  2 obsidian statues
  71 deep elf magi
  A wolf spider zombie (Crypt:1)
  7 harpies
  8 orc sorcerers
  A wolf spider (shapeshifter) (Depths:4)
  A mana viper (shapeshifter) (Depths:4)
  8 necromancers
  6 oklob plants
  A sphinx zombie (Vaults:4)
  16 orb spiders
  A fire giant zombie (Depths:1)
  A mana viper (Depths:5)
  12 cyclopes
  3 frost giant zombies
  A moth of wrath (shapeshifter) (Vaults:5)
  46 ugly things
  3 stone giant zombies
  3 manticores
  2 salamanders (shapeshifter)
  40 wolf spiders
  An iron dragon skeleton (Crypt:3)
  21 moths of wrath
  2 dire elephant zombies (Crypt:3)
  A worldbinder (Abyss:3)
  2 guardian serpents (shapeshifter) (Depths:4)
  6 fire giant skeletons (Crypt:3)
  A shock serpent zombie (Crypt:1)
  3 stone giant skeletons
  A black mamba (shapeshifter) (Depths:4)
  9 elephants
  3 black mambas
  13 spiny frogs
  2 ice statues (IceCv)
  A torpor snail (shapeshifter) (Vaults:5)
  A smoke demon (D:10)
  3 spriggan skeletons
  A water nymph (shapeshifter) (Depths:4)
  8 gargoyles
  18 vault sentinels
  A purple draconian zombie (Crypt:1)
  A pale draconian zombie (Crypt:1)
  An orange demon (Depths:2)
  4 swamp worm zombies (Swamp:4)
  14 demonic crawlers
  A hellion (Depths:1)
  2 rime drakes
  2 kobold demonologists (D:15)
  62 yaktaurs
  7 komodo dragons
  A redback zombie (D:15)
  7 freezing wraiths
  4 komodo dragons (shapeshifter)
  22 jumping spiders
  3 hellwings
  12 ice devils
  A hydra zombie (Swamp:4)
  An ancient zyme (Abyss:3)
  A jumping spider (shapeshifter) (Depths:5)
  2 red devils
  A tengu conjurer (Depths:4)
  A catoblepas skeleton (Crypt:1)
  2 meliai (shapeshifter) (Depths:4)
  3 meliai (D:14)
  A queen bee (D:13)
  3 polar bears
  A merfolk (shapeshifter) (Depths:4)
  A red draconian skeleton (Crypt:2)
  A wind drake (Lair:6)
  A queen bee (shapeshifter) (Depths:4)
  16 hornets
  A merfolk (D:15)
  A sphinx simulacrum (Vaults:2)
  A hydra skeleton (Crypt:1)
  13 tyrant leeches
  7 blink frogs
  9 trolls
  A harpy skeleton (Crypt:3)
  A blink frog (shapeshifter) (Depths:4)
  A hippogriff (shapeshifter) (Elf:2)
  3 alligator zombies
  10 bog bodies
  22 slime creatures
  2 spectral swamp dragons
  6 dream sheep (Lair:5)
  An ettin zombie (Crypt:3)
  7 hippogriffs
  62 redbacks
  A black mamba zombie (Crypt:3)
  A tarantella (shapeshifter) (Vaults:2)
  3 ettin skeletons
  9 spriggans
  2 spriggans (shapeshifter)
  2 yaks (shapeshifter) (Vaults:1)
  5 shadows
  10 fire dragon skeletons (Crypt:3)
  55 yaks
  A satyr skeleton (Crypt:1)
  2 air elementals (Elf:2)
  17 humans (D:13)
  5 vampires
  3 water elementals
  8 wraiths
  22 tarantellas
  6 wyverns
  7 hungry ghosts
  2 black mamba skeletons
  3 hogs (Spider:4)
  A basilisk (Lair:3)
  A fire bat (shapeshifter) (Depths:4)
  2 golden eyes (shapeshifter)
  5 fire elementals (Elf:1)
  A chaos spawn (Depths:1)
  15 vampire mosquitoes
  A glowing shapeshifter zombie (Crypt:2)
  6 wargs
  3 acid dragons
  10 insubstantial wisps
  8 water moccasins
  A soldier ant (shapeshifter) (Depths:4)
  A water moccasin (shapeshifter) (Elf:1)
  14 swamp worms
  A floating eye (shapeshifter) (Vaults:5)
  A human skeleton (Vaults:4)
  A black bear (D:7)
  4 porcupines
  46 orc warriors
  A deep troll skeleton (Crypt:2)
  A fire dragon simulacrum (Depths:1)
  An infernal demonspawn skeleton (Crypt:2)
  2 ice beasts
  A hornet zombie (D:11)
  6 sky beasts
  26 ogres
  2 swamp drakes (Swamp:1)
  An eye of draining (D:14)
  A human zombie (Vaults:4)
  5 boggarts (Depths:4)
  2 necrophages
  10 phantoms
  34 wolves
  An ogre (shapeshifter) (Depths:1)
  23 centaurs
  A snapping turtle skeleton (Crypt:2)
  6 swamp dragon zombies (Swamp:4)
  18 crocodiles
  2 manticore skeletons (Crypt:3)
  2 big kobolds
  14 bullfrogs
  A gnoll sergeant (D:10)
  2 hippogriff skeletons
  4 earth elementals
  6 scorpions
  A human simulacrum (Vaults:3)
  18 killer bees
  A howler monkey (D:8)
  8 wights (D:12)
  A vampire bat (Lair:6)
  13 crimson imps
  4 centaur zombies
  7 quasits
  A bullfrog zombie (D:9)
  5 bullfrog skeletons
  7 hounds
  34 jellies
  31 orc priests
  2 centaur skeletons (D:5)
  4 iguanas
  An iron imp (Depths:1)
  11 worker ants
  32 orc wizards
  4 spectral swamp drakes
  A big kobold zombie (Crypt:1)
  A dwarf zombie (Crypt:2)
  A felid zombie (Crypt:1)
  A demigod skeleton (Crypt:2)
  An acid dragon skeleton (Crypt:2)
  An ogre skeleton (Crypt:1)
  A hound zombie (D:10)
  4 hound skeletons
  2 worker ant zombies
  6 gnolls
  19 adders
  A swamp drake zombie (Swamp:4)
  7 shadow imps
  23 white imps
  8 ufetubi
  13 oozes
  An adder skeleton (D:4)
  2 worms
  A dart slug (D:2)
  8 leopard geckos
  108 orcs
  6 giant cockroaches
  18 goblins
  12 hobgoblins
  13 jackals
  25 kobolds
  3 quokkas
  A ball python (D:2)
  12 bats
  5 frilled lizards
  A kobold skeleton (Crypt:3)
  A leopard gecko skeleton (D:6)
  A leopard gecko zombie (Crypt:2)
  A quokka skeleton (Crypt:2)
  A quokka zombie (D:9)
  24 rats
  5 crawling corpses (Elf:1)
  6 fungi
  3 plants
2656 creatures vanquished.

Vanquished Creatures (collateral kills)
  A caustic shrike (Depths:4)
  A tentacled monstrosity (Depths:3)
  An acid blob (Zot:4)
  A quicksilver dragon (Vaults:5)
  2 titans (Vaults:4)
  A fire giant (Depths:3)
  A spriggan defender (Depths:5)
  A draconian stormcaller (Zot:2)
  2 ironheart preservers
  A stone giant (Vaults:5)
  A very ugly thing (Depths:3)
  A deep elf annihilator (Depths:3)
  2 black draconians
  2 red draconians
  A deep elf death mage (Elf:3)
  An ogre mage (Depths:3)
  A ghost crab (Swamp:1)
  A hydra (Lair:6)
  2 vault guards (Vaults:5)
  3 two-headed ogres
  An alligator (Swamp:4)
  A deep troll (Depths:3)
  A sea snake (Lair:6)
  An orc knight (Vaults:1)
  A harpy (shapeshifter) (Depths:3)
  A harpy (Lair:6)
  7 wolf spiders
  3 orb spiders
  A deep elf mage (Elf:1)
  6 ugly things
  3 elephants
  A black mamba (Lair:6)
  A gargoyle (D:12)
  A smoke demon (Depths:2)
  2 torpor snails
  A centaur skeleton (D:15)
  4 rime drakes
  2 demonic crawlers (Spider:4)
  An efreet (D:13)
  8 jumping spiders
  2 polar bears (Lair:6)
  A tengu conjurer (D:14)
  2 trolls
  A wind drake (Lair:6)
  A tyrant leech (Swamp:3)
  A blink frog (Lair:6)
  A hippogriff (Lair:2)
  2 slime creatures (D:13)
  11 redbacks
  5 tarantellas
  A shadow (Swamp:3)
  7 yaks
  2 humans (D:13)
  2 wyverns (Lair:6)
  A hungry ghost (D:12)
  A hog (Spider:4)
  A swamp worm (Swamp:2)
  A water moccasin (Lair:5)
  A porcupine (Lair:3)
  An eye of draining (D:13)
  An ogre (Orc:1)
  A centaur (D:13)
  10 wolves (Lair:2)
  A crocodile (D:14)
  A bullfrog (Lair:5)
  A scorpion (D:13)
  A killer bee (D:13)
  A crimson imp (D:15)
  4 jellies
  5 orc wizards
  An adder (D:12)
  3 orcs
149 creatures vanquished.

Vanquished Creatures (others)
  A tengu reaver (Depths:5)
  A draconian stormcaller (Zot:2)
  6 yaktaur captains
  A vampire mage (Depths:1)
  A deep elf knight (Elf:2)
  A skeletal warrior (Crypt:1)
  A deep elf mage (Elf:1)
  An ugly thing (D:11)
  A smoke demon (Depths:2)
  A spiny frog (Swamp:1)
  10 yaktaurs
  2 humans (Spider:4)
  An insubstantial wisp (Swamp:4)
  2 swamp worms (Swamp:1)
  An ogre (Vaults:5)
  A centaur (D:13)
  An orc priest (Elf:1)
  5 white imps (IceCv)
  2 ufetubi (IceCv)
  2 kobolds (D:15)
  A bush (Depths:3)
  23 fungi
  18 plants
84 creatures vanquished.

Grand Total: 2889 creatures vanquished

Notes
Turn   | Place    | Note
-------+----------+-------------------------------------------
     0 | D:1      | dricus the Deep Elf Conjurer began the quest for the Orb.
     0 | D:1      | Reached XP level 1. HP: 10/10 MP: 6/6
   320 | D:1      | Reached XP level 2. HP: 16/16 MP: 2/8
   755 | D:1      | Learned a level 2 spell: Searing Ray
   890 | D:1      | Reached skill level 5 in Conjurations
   890 | D:1      | Reached XP level 3. HP: 20/20 MP: 8/10
  1383 | D:2      | Reached skill level 1 in Fighting
  1671 | D:2      | Found a sparkling altar of Nemelex Xobeh.
  1674 | D:2      | Found an opulent altar of Gozag.
  1677 | D:2      | Found a burning altar of Makhleb.
  2166 | D:2      | Reached XP level 4. HP: 23/25 MP: 8/12
  2235 | D:2      | Learned a level 3 spell: Dazzling Spray
  2240 | D:2      | Learned a level 4 spell: Iskenderun's Mystic Blast
  3112 | D:3      | Found a bloodstained altar of Trog.
  3358 | D:3      | Found a runed translucent door.
  3359 | D:3      | Noticed Redear's ghost (amateur OpEn)
  3383 | D:3      | Found a shadowy altar of Dithmenos.
  3558 | D:3      | Reached XP level 5. HP: 30/30 MP: 10/13
  3967 | D:4      | Found Dahyseaf's Food Emporium.
  4100 | D:4      | Reached skill level 2 in Fighting
  4320 | D:4      | Found Jiothrynue's Book Emporium.
  4542 | D:4      | Reached skill level 5 in Spellcasting
  4542 | D:4      | Reached XP level 6. HP: 21/35 MP: 0/15
  5256 | D:5      | Entered Level 5 of the Dungeon
  5257 | D:5      | Found an ornate altar of the Wu Jian Council.
  5257 | D:5      | Found an ancient bone altar of Kikubaaqudgha.
  5258 | D:5      | Found a glowing silver altar of Zin.
  5258 | D:5      | Found a shimmering altar of Xom.
  5791 | D:5      | Reached XP level 7. HP: 32/40 MP: 1/17
  6013 | D:5      | Reached skill level 3 in Fighting
  6679 | D:6      | Found a transporter.
  6977 | D:6      | Found a transporter.
  7056 | D:6      | Found a staircase to the Ecumenical Temple.
  7099 | D:6      | Reached XP level 8. HP: 46/46 MP: 11/20
  7183 | Temple   | Entered the Ecumenical Temple
  7459 | D:5      | Became a worshipper of Kikubaaqudgha
  7530 | D:6      | Noticed pentaxis93's ghost (novice MiFi)
  7725 | D:6      | Reached skill level 4 in Fighting
  9049 | D:7      | Reached skill level 10 in Conjurations
  9049 | D:7      | Reached XP level 9. HP: 50/52 MP: 10/23
  9138 | D:7      | Found a flagged portal.
  9143 | D:7      | Reached skill level 1 in Armour
  9146 | D:7      | Reached * piety under Kikubaaqudgha
  9146 | D:7      | Identified Kikubaaqudgha's Collected Works on Dark Rituals
                  | (Kikubaaqudgha gifted it to you on level 7 of the Dungeon)
  9146 | D:7      | Received a gift from Kikubaaqudgha
  9153 | Bailey   | Entered a bailey
  9266 | Bailey   | Noticed an orc knight
  9989 | Bailey   | Killed an orc knight
  9989 | Bailey   | Reached skill level 5 in Fighting
 11003 | D:7      | Reached ** piety under Kikubaaqudgha
 11306 | D:7      | Learned a level 2 spell: Sublimation of Blood
 11310 | D:7      | Learned a level 3 spell: Regeneration
 11336 | D:7      | Reached skill level 5 in Dodging
 11336 | D:7      | Reached skill level 1 in Charms
 11385 | D:7      | Got a dazzling trident
 11451 | D:7      | Reached skill level 1 in Necromancy
 11797 | D:7      | Found Uphiul's Antique Armour Emporium.
 11802 | D:7      | Bought a twisted buckler for 190 gold pieces
 11807 | D:7      | Identified the cursed +0 buckler "Dameong" {rC+} (You
                  | bought it in a shop on level 7 of the Dungeon)
 12537 | D:8      | Reached XP level 10. HP: 60/60 MP: 19/25
 12727 | D:8      | Reached skill level 1 in Shields
 13247 | D:9      | Reached *** piety under Kikubaaqudgha
 13247 | D:9      | Identified Kikubaaqudgha's Catalogue of Unholy Secrets
                  | (Kikubaaqudgha gifted it to you on level 9 of the Dungeon)
 13247 | D:9      | Received a gift from Kikubaaqudgha
 13355 | D:9      | Learned a level 5 spell: Agony
 13360 | D:9      | Learned a level 4 spell: Animate Dead
 14193 | D:9      | Found a snail-covered altar of Cheibriados.
 14280 | D:9      | Reached skill level 5 in Charms
 14471 | D:10     | Entered Level 10 of the Dungeon
 14526 | D:10     | Noticed a two-headed ogre
 14544 | D:10     | Killed a two-headed ogre
 14544 | D:10     | Reached skill level 6 in Fighting
 14544 | D:10     | Reached skill level 10 in Spellcasting
 15019 | D:10     | Noticed a five-headed hydra
 15454 | D:10     | Killed a five-headed hydra
 15454 | D:10     | Reached skill level 5 in Necromancy
 15885 | D:10     | Found a glowing silver altar of Zin.
 16314 | D:10     | Reached XP level 11. HP: 64/64 MP: 14/27
 16781 | D:10     | Learned a level 5 spell: Borgnjor's Vile Clutch
 16991 | D:11     | Reached skill level 1 in Earth Magic
 17228 | D:11     | Found a staircase to the Lair.
 17538 | D:11     | Reached **** piety under Kikubaaqudgha
 17959 | D:11     | Noticed a cyan ugly thing
 17993 | D:11     | Killed a cyan ugly thing
 18198 | D:11     | Noticed hemabe's ghost (journeyman HuAr)
 18231 | D:11     | Found a transporter.
 18234 | D:11     | Found a transporter.
 18644 | D:11     | Noticed a brown ugly thing
 18674 | D:11     | Killed a purple ugly thing
 19477 | Lair:1   | Entered Level 1 of the Lair of Beasts
 20209 | Lair:1   | Learned a level 2 spell: Blink
 20337 | Lair:1   | Got a slimy long sword
 21322 | Lair:2   | Reached XP level 12. HP: 61/71 MP: 14/29
 21327 | Lair:2   | Reached skill level 5 in Earth Magic
 21336 | Lair:1   | Reached skill level 5 in Armour
 21477 | Lair:1   | Reached ***** piety under Kikubaaqudgha
 22076 | Lair:2   | Reached skill level 7 in Fighting
 24220 | Lair:3   | Found a blossoming altar of Fedhas.
 24415 | Lair:3   | Found a hole to the Spider Nest.
 24671 | Lair:3   | Got an iridescent mace
 25353 | Lair:4   | You are sucked into a shaft for 2 floors!
 25353 | Lair:6   | Entered Level 6 of the Lair of Beasts
 25411 | Lair:6   | Found a runed translucent door.
 25411 | Lair:6   | Found a viscous altar of Jiyva.
 25411 | Lair:6   | Found a staircase to the Slime Pits.
 25444 | Lair:6   | Noticed a four-headed hydra
 25835 | Lair:5   | Reached skill level 10 in Necromancy
 26810 | Lair:4   | Reached XP level 13. HP: 77/77 MP: 22/31
 26908 | Lair:4   | Found a staircase to the Swamp.
 28471 | Lair:5   | Found a runed translucent door.
 28476 | Lair:5   | Identified the +5 trident of Dikhloune {drain, -Tele rF+
                  | Str+4 Dex+3}
 28480 | Lair:5   | Noticed Fafec's ghost (journeyman HaHu)
 29127 | Lair:5   | Reached skill level 8 in Fighting
 29956 | Lair:6   | Reached ****** piety under Kikubaaqudgha
 30031 | Lair:6   | Reached skill level 10 in Dodging
 30031 | Lair:6   | Reached skill level 10 in Earth Magic
 30405 | Lair:6   | Reached skill level 1 in Translocations
 30532 | Lair:6   | Reached skill level 9 in Fighting
 31679 | D:12     | Found a staircase to the Orcish Mines.
 31695 | D:11     | Reached XP level 14. HP: 85/86 MP: 4/32
 31938 | D:11     | Learned a level 5 spell: Dispel Undead
 32063 | D:12     | Identified the cursed +0 long sword "Byewapp" {flame,
                  | *Noise rPois rF+++ rN++} (You found it on level 1 of the
                  | Lair of Beasts)
 32149 | D:12     | Identified the +6 trident "Oqonk" {pain, rC+ Str+2 SInv}
                  | (You found it on level 7 of the Dungeon)
 32694 | D:12     | Identified the +8 mace of Tonogul {flame, rPois rC+ Int+2
                  | Dex-2} (You found it on level 3 of the Lair of Beasts)
 32733 | D:12     | Found a runed translucent door.
 32733 | D:12     | Noticed Tarias's ghost (journeyman BaSu)
 33032 | Orc:1    | Entered Level 1 of the Orcish Mines
 33527 | Orc:2    | Entered Level 2 of the Orcish Mines
 33544 | Orc:2    | Found a frozen archway.
 33760 | IceCv    | Entered an ice cave
 34886 | IceCv    | Noticed a reaper
 34898 | IceCv    | Killed a reaper
 35542 | Orc:2    | Identified a +5 quick blade of pain (a +3 quick blade of
                  | freezing bloodied by Kikubaaqudgha)
 35542 | Orc:2    | Received a gift from Kikubaaqudgha
 35794 | Orc:2    | Found a runed translucent gate.
 35794 | Orc:2    | Found a runed translucent gate.
 35794 | Orc:2    | Found a runed translucent gate.
 35797 | Orc:2    | Noticed grizmgrazm2's ghost (journeyman DsTm)
 36090 | Orc:2    | Found a staircase to the Elven Halls.
 36206 | Orc:2    | Reached skill level 1 in Short Blades
 36447 | Orc:2    | Found a roughly hewn altar of Beogh.
 36831 | Orc:2    | Paralysed by an orc sorcerer for 5 turns
 36832 | Orc:2    | Reached skill level 10 in Fighting
 37261 | Orc:2    | Found Veweg's Gadget Boutique.
 37265 | Orc:2    | Found Ublelano's Armour Emporium.
 37271 | Orc:2    | Found Zyekluo's Food Emporium.
 37273 | Orc:2    | Found Sarch's Antique Weapon Boutique.
 37516 | D:7      | Bought a twisted troll leather armour for 400 gold pieces
 37516 | D:7      | Bought a glowing cloak for 150 gold pieces
 37538 | D:7      | Identified the +2 troll leather armour of Wuid {+Blink
                  | Regen+ Dex+5 Slay-5 SInv} (You bought it in a shop on level
                  | 7 of the Dungeon)
 37768 | D:13     | Found an opulent altar of Gozag.
 37905 | D:13     | Got a distressingly furry scale mail
 38747 | D:13     | Identified the +5 scale mail "Ismam" {rPois rF+ Str+3
                  | Dex+4} (You found it on level 13 of the Dungeon)
 38833 | D:13     | Found a gate to the Vaults.
 38839 | D:13     | Reached XP level 15. HP: 93/93 MP: 25/33
 39677 | D:14     | Got a pitted flail
 39744 | D:14     | Reached skill level 11 in Fighting
 39972 | D:14     | Found a glowing golden altar of the Shining One.
 40952 | D:15     | Entered Level 15 of the Dungeon
 41391 | D:15     | Reached skill level 5 in Short Blades
 41399 | D:15     | Reached skill level 15 in Necromancy
 41870 | D:15     | Found a roughly hewn altar of Beogh.
 42722 | D:15     | Found a staircase to the Depths.
 43214 | D:4      | Bought the Handbook of Assistive Ignition for 483 gold
                  | pieces
 43488 | Swamp:1  | Entered Level 1 of the Swamp
 43508 | Swamp:1  | Reached skill level 12 in Fighting
 44228 | Swamp:1  | Reached XP level 16. HP: 93/101 MP: 21/34
 45155 | Swamp:2  | Noticed Frances
 45205 | Swamp:2  | Killed Frances
 45314 | Swamp:2  | Noticed a thorn hunter
 45320 | Swamp:2  | Killed a thorn hunter
 45577 | Swamp:2  | Identified the +8 flail of Hoapny {flame, rF+ rN+} (You
                  | found it on level 14 of the Dungeon)
 46188 | Swamp:3  | Got a distressingly furry robe
 46265 | Swamp:3  | Noticed a thorn hunter
 46283 | Swamp:3  | Killed a thorn hunter
 48004 | Swamp:3  | Identified the +7 quarterstaff "Imp's Doom" {crush, rElec}
 48268 | Swamp:3  | Identified a scroll of acquirement
 48271 | Swamp:3  | Got a brightly glowing jade ring
 48273 | Swamp:3  | Identified the ring "Ipuopred" {rN+ Str+4} (You acquired it
                  | on level 3 of the Swamp)
 48278 | Swamp:4  | Entered Level 4 of the Swamp
 48479 | Swamp:4  | Learned a level 6 spell: Deflect Missiles
 48623 | Swamp:4  | Learned a level 1 spell: Apportation
 49540 | Swamp:4  | Reached skill level 13 in Fighting
 50133 | Swamp:4  | Noticed a bone dragon
 50354 | Swamp:3  | Killed a bone dragon
 51087 | Swamp:4  | Reached skill level 1 in Air Magic
 51363 | Swamp:4  | Got a decaying rune of Zot
 51918 | Spider:1 | Entered Level 1 of the Spider Nest
 52116 | Spider:1 | Reached XP level 17. HP: 40/109 MP: 26/37
 52840 | Spider:1 | Reached skill level 5 in Air Magic
 52947 | Spider:1 | Got a translucent mace
 53032 | Spider:1 | Got an encrusted ring mail
 53601 | Spider:2 | Identified the +0 ring mail of the Earth {rElec rF+ Regen+}
                  | (You found it on level 1 of the Spider Nest)
 53945 | Spider:2 | Got a dazzling scale mail
 54520 | Spider:3 | Identified the +0 scale mail of the Trout {rF+ rC+} (You
                  | found it on level 2 of the Spider Nest)
 55584 | Spider:3 | Found a runed translucent door.
 55586 | Spider:3 | Noticed Otuihi's ghost (adept MiBe)
 55709 | Spider:2 | Reached skill level 14 in Fighting
 56419 | Spider:4 | Entered Level 4 of the Spider Nest
 57574 | Spider:4 | Reached skill level 10 in Charms
 57574 | Spider:4 | Reached skill level 10 in Air Magic
 58209 | Spider:4 | Noticed Arachne
 58241 | Spider:4 | Killed Arachne
 58241 | Spider:4 | Reached XP level 18. HP: 82/117 MP: 38/38
 59006 | Spider:4 | Noticed Kirke
 59042 | Spider:4 | Killed Kirke
 59228 | Spider:4 | Identified the +10 mace of the Pill Bug {crush, *Noise +Fly
                  | Str+2 Dex+2} (You found it on level 1 of the Spider Nest)
 59436 | Spider:4 | Got a gossamer rune of Zot
 59762 | Elf:1    | Entered Level 1 of the Elven Halls
 60659 | Elf:1    | Reached skill level 15 in Fighting
 61278 | Elf:1    | Found a runed translucent gate.
 61278 | Elf:1    | Found a runed translucent gate.
 61278 | Elf:1    | Found a runed translucent gate.
 61278 | Elf:1    | Found a runed translucent gate.
 61278 | Elf:1    | Found a runed translucent gate.
 61280 | Elf:1    | Found a runed translucent gate.
 62204 | Elf:2    | Found an ancient bone altar of Kikubaaqudgha.
 62355 | Elf:2    | Noticed a Brimstone Fiend
 62690 | Elf:2    | Found a runed translucent gate.
 62692 | Elf:2    | Found a runed translucent gate.
 62695 | Elf:2    | Found a runed translucent gate.
 62961 | Elf:3    | Entered Level 3 of the Elven Halls
 63164 | Elf:3    | Reached XP level 19. HP: 124/124 MP: 29/39
 64394 | Elf:3    | Reached skill level 5 in Shields
 64816 | Elf:3    | Noticed a Brimstone Fiend
 64936 | Elf:3    | Identified the ring of Tixkeud {*Tele rPois rN+ Dex+5
                  | Stlth+}
 64990 | Elf:3    | Identified the +8 battleaxe "Grim" {chop, rC+ Int+2}
 65042 | Elf:3    | Identified the ring of Segycop {Wiz rPois}
 65207 | Elf:3    | Identified the +1 leather armour of Pessimism {rN+ rCorr
                  | Int-2}
 65497 | Elf:3    | Noticed Donald
 65506 | Elf:3    | Killed Donald
 65967 | D:4      | Bought a book of Death for 700 gold pieces
 65973 | D:4      | Learned a level 5 spell: Bolt of Draining
 66155 | Vaults:1 | Entered Level 1 of the Vaults
 67075 | Vaults:1 | Reached skill level 16 in Fighting
 67815 | Vaults:1 | Found Ulejejokk's General Store.
 67823 | Vaults:1 | Bought a scroll of acquirement for 936 gold pieces
 67827 | Vaults:1 | Got a wavering turquoise ring
 67828 | Vaults:1 | Identified the ring "Ephuock" {Fire -Tele *Corrode Str+10
                  | SInv} (You acquired it on level 1 of the Vaults)
 68215 | Vaults:2 | Reached XP level 20. HP: 131/131 MP: 31/40
 71639 | Vaults:3 | Reached XP level 21. HP: 125/138 MP: 41/41
 72295 | Vaults:3 | Found a staircase to the Crypt.
 72389 | Vaults:4 | Noticed Bai Suzhen
 72410 | Vaults:4 | Killed Bai Suzhen
 72410 | Vaults:4 | Reached skill level 17 in Fighting
 72704 | Vaults:4 | Identified the +10 glaive of Bloody Death {drain, SInv}
 72832 | Vaults:4 | Noticed Mennas
 72921 | Vaults:4 | Got a scorched gossamer ring
 72924 | Vaults:4 | Identified the ring "Tudod" {rF- Slay+4 SInv} (You acquired
                  | it on level 4 of the Vaults)
 73335 | Vaults:4 | Killed Mennas
 73391 | Vaults:4 | Found a large runed translucent door.
 73391 | Vaults:4 | Found a large runed translucent door.
 73391 | Vaults:4 | Noticed Horiff's ghost (adept DrIE)
 73392 | Vaults:4 | Noticed Angiforph's ghost (adept DsBe)
 73630 | Vaults:4 | Reached skill level 10 in Shields
 75081 | Depths:1 | Entered Level 1 of the Depths
 75867 | Depths:1 | Found a portal to a secret trove of treasure.
 76004 | Depths:1 | Found Oraus's Jewellery Boutique.
 76008 | Depths:1 | Found Ryff's Book Shop.
 76312 | Depths:1 | Found a gateway to Hell.
 77040 | Depths:1 | Found a one-way gate leading to the halls of Pandemonium.
 77186 | Depths:2 | Found a one-way gate to the infinite horrors of the Abyss.
 77206 | Depths:2 | Reached XP level 22. HP: 133/145 MP: 22/42
 77662 | Depths:2 | Identified the +4 faerie dragon scales {rCorr Str+3}
 77662 | Depths:2 | Noticed the Enchantress
 78446 | Depths:2 | Killed the Enchantress
 78753 | Depths:2 | Found a runed translucent door.
 78753 | Depths:2 | Noticed a golden dragon
 78756 | Depths:2 | Found the +11 plutonium sword {*Contam Stlth-}
 79033 | Depths:3 | Reached skill level 10 in Armour
 79142 | Depths:3 | Reached skill level 18 in Fighting
 79320 | Depths:3 | Reached skill level 15 in Dodging
 81143 | Depths:3 | Found a gateway to a ziggurat.
 81271 | Depths:2 | Killed a golden dragon
 81427 | Depths:2 | Identified the Collected Works on Unstable Confrontation
 81431 | Depths:2 | Got a crystal long sword
 81432 | Depths:2 | Identified the +0 long sword of Capital Punishment {elec,
                  | Str+5} (You found it on level 2 of the Depths)
 81658 | Depths:4 | Cast into level 3 of the Abyss (hell knight)
 81660 | Abyss:3  | Got an abyssal rune of Zot
 81712 | Depths:4 | Escaped the Abyss
 81997 | Depths:4 | Found a corrupted altar of Lugonu.
 82138 | Depths:4 | Reached XP level 23. HP: 153/153 MP: 43/43
 82704 | Depths:4 | Noticed a caustic shrike
 82714 | Depths:4 | Killed a caustic shrike
 82779 | Depths:4 | Noticed a juggernaut
 82792 | Depths:4 | Killed a juggernaut
 82792 | Depths:4 | Reached skill level 19 in Fighting
 84031 | Depths:4 | Reached skill level 1 in Long Blades
 84537 | Depths:4 | Identified the +8 great sword of the Pit {holy, rPois rF+}
 84709 | Depths:4 | You are sucked into a shaft!
 84709 | Depths:5 | Entered Level 5 of the Depths
 85061 | Depths:4 | Identified the Grimoire of Evil and Confrontation
 85068 | Depths:4 | Got an ancient rapier
 85069 | Depths:4 | Identified the +5 rapier "Ecogaco" {pierce, Int+4} (You
                  | found it on level 4 of the Depths)
 85250 | Depths:5 | Found Vir Xetengo's Serpentskin Sales.
 85312 | Depths:5 | Found Tuif's Jewellery Shop.
 85333 | Depths:5 | Found Kohy's Gadget Shoppe.
 85334 | Depths:5 | Found Genoge's Jewellery Shop.
 85343 | Depths:5 | Bought the ring "Odee" {*Drain rF+ rC+ EV+2} for 330 gold
                  | pieces
 85630 | Depths:5 | Reached skill level 5 in Long Blades
 86391 | Depths:5 | Found a gate to the Realm of Zot.
 86703 | Zot:1    | Entered Level 1 of the Realm of Zot
 86814 | Zot:1    | Found a runed translucent gate.
 86814 | Zot:1    | Found a runed translucent gate.
 86814 | Zot:1    | Found a runed translucent gate.
 86814 | Zot:1    | Noticed Efuif's ghost (legendary SpEn)
 86823 | Zot:1    | Noticed a curse toe
 87154 | Depths:5 | Bought the ring "Ilumi" {rElec rC- Str+5 SInv} for 681 gold
                  | pieces
 87414 | Zot:1    | Reached XP level 24. HP: 158/160 MP: 35/43
 88200 | Zot:1    | Reached skill level 15 in Shields
 89340 | Zot:1    | Reached skill level 10 in Long Blades
 90749 | Zot:2    | Reached skill level 20 in Fighting
 91106 | Zot:2    | Noticed a Killer Klown
 91136 | Zot:2    | Killed a Killer Klown
 91215 | Zot:2    | Noticed a Killer Klown
 91253 | Zot:2    | Killed a Killer Klown
 91253 | Zot:2    | Reached XP level 25. HP: 161/168 MP: 36/43
 91607 | Orc:2    | Bought a wand of digging (4) for 208 gold pieces
 91607 | Orc:2    | Bought a wand of acid (6) for 260 gold pieces
 91900 | Zot:3    | Noticed a Killer Klown
 92575 | Zot:3    | Killed a Killer Klown
 93536 | Zot:4    | Noticed an orb of fire
 93575 | Zot:4    | Gained mutation: Your natural rate of healing is unusually
                  | fast. [an orb of fire]
 93576 | Zot:4    | Gained mutation: You are weak. (Str -2) [an orb of fire]
 93600 | Zot:3    | Gained mutation: Your magical capacity is low. (-10% MP)
                  | [an orb of fire]
 93608 | Zot:3    | Gained mutation: You are very weak. (Str -4) [an orb of
                  | fire]
 93618 | Zot:3    | Gained mutation: You are clumsy. (Dex -2) [an orb of fire]
 94240 | Zot:4    | Noticed an orb of fire
 94263 | Zot:3    | Gained mutation: You are very clumsy. (Dex -4) [an orb of
                  | fire]
 94267 | Zot:3    | Gained mutation: You occasionally shout uncontrollably at
                  | your foes. [an orb of fire]
 94274 | Zot:2    | Gained mutation: Armour fits poorly on your strangely
                  | shaped body. [an orb of fire]
 94281 | Zot:2    | Gained mutation: You sometimes yell uncontrollably at your
                  | foes. [an orb of fire]
 94284 | Zot:2    | Gained mutation: You are frail. (-10% HP) [an orb of fire]
 94296 | Zot:2    | Gained mutation: Potions are less effective at restoring
                  | your health. [an orb of fire]
 94311 | Zot:2    | Gained mutation: You are occasionally teleported next to
                  | monsters. [an orb of fire]
 94424 | Zot:1    | Lost mutation: Armour fits poorly on your strangely shaped
                  | body. [potion of mutation]
 94424 | Zot:1    | Lost mutation: You are frail. (-10% HP) [potion of
                  | mutation]
 94424 | Zot:1    | Lost mutation: Your natural rate of healing is unusually
                  | fast. [potion of mutation]
 94424 | Zot:1    | Gained mutation: You can translocate small distances at
                  | will. [potion of mutation]
 94424 | Zot:1    | Lost mutation: Potions are less effective at restoring your
                  | health. [potion of mutation]
 94424 | Zot:1    | Lost mutation: You are very weak. (Str -4) [potion of
                  | mutation]
 94425 | Zot:1    | Lost mutation: You are very clumsy. (Dex -4) [potion of
                  | mutation]
 94425 | Zot:1    | Lost mutation: You can translocate small distances at will.
                  | [potion of mutation]
 94425 | Zot:1    | Lost mutation: You are weak. (Str -2) [potion of mutation]
 94425 | Zot:1    | Lost mutation: Your magical capacity is low. (-10% MP)
                  | [potion of mutation]
 94425 | Zot:1    | Gained mutation: You expend magic power (3 MP) to
                  | strengthen your wands. [potion of mutation]
 94425 | Zot:1    | Gained mutation: You are sometimes teleported next to
                  | monsters. [potion of mutation]
 94425 | Zot:1    | Gained mutation: You have large cloven feet. [potion of
                  | mutation]
 94426 | Zot:1    | Lost mutation: You are clumsy. (Dex -2) [potion of
                  | mutation]
 94426 | Zot:1    | Lost mutation: You sometimes yell uncontrollably at your
                  | foes. [potion of mutation]
 94426 | Zot:1    | Gained mutation: You have supernaturally acute eyesight.
                  | (SInv) [potion of mutation]
 94426 | Zot:1    | Gained mutation: Your mind is acute. (Int +2) [potion of
                  | mutation]
 94427 | Zot:1    | Lost mutation: You have supernaturally acute eyesight.
                  | (SInv) [potion of mutation]
 94427 | Zot:1    | Gained mutation: Your body sometimes deteriorates upon
                  | taking damage. [potion of mutation]
 94427 | Zot:1    | Gained mutation: You are partially covered in slimy green
                  | scales. (AC +2) [potion of mutation]
 94428 | Zot:1    | Lost mutation: You occasionally shout uncontrollably at
                  | your foes. [potion of mutation]
 94428 | Zot:1    | Lost mutation: Your body sometimes deteriorates upon taking
                  | damage. [potion of mutation]
 94428 | Zot:1    | Lost mutation: You expend magic power (3 MP) to strengthen
                  | your wands. [potion of mutation]
 94428 | Zot:1    | Gained mutation: You are partially covered in thin metallic
                  | scales. (AC +2) [potion of mutation]
 94428 | Zot:1    | Lost mutation: You have large cloven feet. [potion of
                  | mutation]
 94428 | Zot:1    | Gained mutation: Your spells are a little harder to cast,
                  | but a little more powerful. [potion of mutation]
 94429 | Zot:1    | Lost mutation: You are partially covered in thin metallic
                  | scales. (AC +2) [potion of mutation]
 94429 | Zot:1    | Lost mutation: Your mind is acute. (Int +2) [potion of
                  | mutation]
 94429 | Zot:1    | Lost mutation: You are partially covered in slimy green
                  | scales. (AC +2) [potion of mutation]
 94429 | Zot:1    | Gained mutation: You occasionally shout uncontrollably at
                  | your foes. [potion of mutation]
 94429 | Zot:1    | Gained mutation: Your mind is acute. (Int +2) [potion of
                  | mutation]
 94430 | Zot:1    | Lost mutation: Your spells are a little harder to cast, but
                  | a little more powerful. [potion of mutation]
 94430 | Zot:1    | Lost mutation: You occasionally shout uncontrollably at
                  | your foes. [potion of mutation]
 94430 | Zot:1    | Gained mutation: Your flesh is heat resistant. (rF+)
                  | [potion of mutation]
 94430 | Zot:1    | Gained mutation: You occasionally shout uncontrollably at
                  | your foes. [potion of mutation]
 94430 | Zot:1    | Gained mutation: Your spells are a little easier to cast,
                  | but a little less powerful. [potion of mutation]
 94430 | Zot:1    | Gained mutation: You expend magic power (3 MP) to
                  | strengthen your wands. [potion of mutation]
 94431 | Zot:1    | Lost mutation: You occasionally shout uncontrollably at
                  | your foes. [potion of mutation]
 94431 | Zot:1    | Lost mutation: Your mind is acute. (Int +2) [potion of
                  | mutation]
 94431 | Zot:1    | Lost mutation: Your spells are a little easier to cast, but
                  | a little less powerful. [potion of mutation]
 94431 | Zot:1    | Lost mutation: You expend magic power (3 MP) to strengthen
                  | your wands. [potion of mutation]
 94431 | Zot:1    | Gained mutation: Scrolls take you a little longer to read.
                  | [potion of mutation]
 94431 | Zot:1    | Gained mutation: Your mind is acute. (Int +2) [potion of
                  | mutation]
 94708 | Vaults:1 | Bought a potion of mutation for 144 gold pieces
 94709 | Vaults:1 | Lost mutation: Scrolls take you a little longer to read.
                  | [potion of mutation]
 94709 | Vaults:1 | Lost mutation: Your flesh is heat resistant. (rF+) [potion
                  | of mutation]
 94709 | Vaults:1 | Lost mutation: You are sometimes teleported next to
                  | monsters. [potion of mutation]
 94709 | Vaults:1 | Gained mutation: Armour fits poorly on your strangely
                  | shaped body. [potion of mutation]
 94709 | Vaults:1 | Gained mutation: You have a somewhat thin skeletal
                  | structure. (Dex +2, Stealth) [potion of mutation]
 94709 | Vaults:1 | Gained mutation: Your skin changes colour to match your
                  | surroundings (Stealth+). [potion of mutation]
 94990 | Vaults:5 | Entered Level 5 of the Vaults
 95240 | Vaults:5 | Reached skill level 21 in Fighting
 95700 | Vaults:5 | Identified the +2 trident of Lekkiyse {pierce, MR++ Int+6
                  | Dex-5}
 95734 | Vaults:5 | Identified the +9 chain mail of Qorut {*Drain rPois Dex+4}
 96007 | Vaults:4 | Reached XP level 26. HP: 131/177 MP: 35/43
 96207 | Vaults:5 | Identified the cursed +1 fire dragon scales "Xuuquar"
                  | {rPois rF++ rC- rN+ rCorr Str+3}
 96466 | Vaults:5 | Identified the cursed +0 mace of Piutud {antimagic, Str+4}
                  | (You found it on level 5 of the Vaults)
 96876 | Vaults:5 | Identified the +6 war axe "Olaqitez" {antimagic, +Fly rPois
                  | rC+ Int-5}
 97580 | Vaults:5 | Reached skill level 22 in Fighting
 97664 | Vaults:5 | Got a silver rune of Zot
 97766 | Vaults:5 | Identified the +2 helmet of the Frog {rElec rF- rCorr
                  | Dex+6} (You found it on level 5 of the Vaults)
 97776 | Vaults:5 | Identified the +0 pair of gloves "Earthly Heaven" {*Slow
                  | +Fly rElec rPois} (You found it on level 5 of the Vaults)
 98114 | Crypt:1  | Entered Level 1 of the Crypt
 98171 | Crypt:1  | Noticed Frederick
 98201 | Crypt:1  | Killed Frederick
 98569 | Crypt:1  | Noticed Mara
 98583 | Crypt:1  | Noticed dricus's illusion
 98621 | Crypt:1  | Killed Mara
 98979 | Crypt:1  | You fall through a shaft!
 99025 | Crypt:1  | Identified the cursed +0 leather armour of the Game Afoot
                  | {Slay+2 SInv} (You found it on level 1 of the Crypt)
 99597 | Crypt:1  | Got a crude leather armour
 99598 | Crypt:1  | Identified the +1 leather armour of Ru's Whim {rPois Str+6
                  | Dex-3 Stlth+} (You found it on level 1 of the Crypt)
 99669 | Crypt:2  | Noticed Margery
100594 | Crypt:2  | Killed Margery
100864 | Crypt:2  | Noticed a greater mummy
100915 | Crypt:2  | Noticed a greater mummy
100917 | Crypt:2  | Noticed Khufu
100978 | Crypt:2  | Noticed a greater mummy
101118 | Crypt:1  | Killed a greater mummy
101258 | Crypt:1  | Killed Khufu
101258 | Crypt:1  | Reached XP level 27. HP: 179/186 MP: 14/43
101261 | Crypt:1  | Killed a greater mummy
101422 | Crypt:2  | Killed a greater mummy
101687 | Crypt:3  | Entered Level 3 of the Crypt
102364 | Crypt:3  | Reached skill level 23 in Fighting
102656 | Crypt:3  | Found the +5 scythe "Finisher" {speed, eviscerate}
102704 | Crypt:3  | Got a clouded sapphire amulet
102705 | Crypt:3  | Identified the amulet of Jeewen {RegenMP MR++ Dex+2} (You
                  | found it on level 3 of the Crypt)
102882 | Crypt:3  | Got a pitted chain mail
103082 | Crypt:3  | Found a staircase to the Tomb.
103130 | Crypt:3  | Noticed an ancient lich
103165 | Crypt:3  | Killed an ancient lich
104965 | Zot:2    | Lost mutation: Your mind is acute. (Int +2) [an orb of
                  | fire]
104971 | Zot:2    | Gained mutation: Your body sometimes deteriorates upon
                  | taking damage. [an orb of fire]
104978 | Zot:2    | Gained mutation: Your magical capacity is low. (-10% MP)
                  | [an orb of fire]
104981 | Zot:2    | Gained mutation: You are frail. (-10% HP) [an orb of fire]
104983 | Zot:2    | Killed an orb of fire
105504 | Zot:3    | Gained mutation: Your spells are a little easier to cast,
                  | but a little less powerful. [an orb of fire]
105516 | Zot:3    | Gained mutation: Your magical capacity is very low. (-20%
                  | MP) [an orb of fire]
105524 | Zot:3    | Gained mutation: Your spells are easier to cast, but less
                  | powerful. [an orb of fire]
105552 | Zot:3    | Killed an orb of fire
107426 | Zot:5    | Entered Level 5 of the Realm of Zot
108285 | Zot:5    | Reached skill level 24 in Fighting
108309 | Zot:5    | Got a smelly chain mail
108332 | Zot:5    | Identified the +2 chain mail "Bavycum" {Dex+4 Stlth+} (You
                  | found it on level 5 of the Realm of Zot)
108425 | Zot:5    | Noticed an ancient lich
108441 | Zot:5    | Killed an ancient lich
108755 | Zot:5    | Noticed an ancient lich
108757 | Zot:5    | Noticed an ancient lich
108759 | Zot:5    | Killed an ancient lich
108762 | Zot:5    | Killed an ancient lich
109678 | Zot:5    | Noticed an orb of fire
109945 | Zot:5    | Noticed an orb of fire
109954 | Zot:5    | Gained mutation: You are clumsy. (Dex -2) [an orb of fire]
109969 | Zot:5    | Gained mutation: Your spells are much easier to cast, but
                  | much less powerful. [an orb of fire]
109974 | Zot:5    | Gained mutation: You are weak. (Str -2) [an orb of fire]
109995 | Zot:5    | Killed an orb of fire
110562 | Zot:5    | Noticed an orb of fire
111124 | Zot:5    | Gained mutation: You are very frail. (-20% HP) [an orb of
                  | fire]
111131 | Zot:5    | Gained mutation: Your body often deteriorates upon taking
                  | damage. [an orb of fire]
111134 | Zot:5    | Killed an orb of fire
111425 | Zot:5    | Gained mutation: Scrolls take you a little longer to read.
                  | [an orb of fire]
111433 | Zot:5    | Gained mutation: You are very clumsy. (Dex -4) [an orb of
                  | fire]
111439 | Zot:5    | Gained mutation: You tend to lose your temper in combat.
                  | [an orb of fire]
111439 | Zot:5    | Gained mutation: Scrolls take you longer to read. [an orb
                  | of fire]
111445 | Zot:5    | Gained mutation: Your magical capacity is extremely low.
                  | (-30% MP) [an orb of fire]
111570 | Zot:4    | Killed an orb of fire
111570 | Zot:4    | Reached skill level 15 in Armour
112478 | Zot:5    | Lost mutation: You are very frail. (-20% HP) [potion of
                  | mutation]
112478 | Zot:5    | Lost mutation: You are frail. (-10% HP) [potion of
                  | mutation]
112478 | Zot:5    | Lost mutation: Your magical capacity is extremely low.
                  | (-30% MP) [potion of mutation]
112478 | Zot:5    | Lost mutation: You are weak. (Str -2) [potion of mutation]
112478 | Zot:5    | Gained mutation: You are robust. (+10% HP) [potion of
                  | mutation]
113036 | D:6      | Killed pentaxis93's ghost
113587 | Zot:5    | Got the Orb of Zot
113650 | Zot:4    | Reached skill level 25 in Fighting
113921 | D:12     | Noticed Touf the pandemonium lord
114166 | D:$      | Escaped with the Orb!

Levels and vault maps discovered:
D:1:      lightli_arrival_flooded_house, layout_basic
D:2:      layout_loops_corners, grunt_temple_overflow_diamond, st_stairs_6
D:3:      layout_loops_ring, nicolae_dithmenos_through_a_glass_darkly,
          ebering_ghost_inner_flame, trog_three_pillars_becter
D:4:      layout_layer_cave, serial_shops, kennysheep_mini_moat,
          nicolae_shop_competitors_out_of_business, first_ration,
          minmay_rat_hole
D:5:      layout_loops_ring, grunt_temple_overflow_open
D:6:      minmay_angry_zag, layout_loops_corners, minmay_temple_entry_poolview,
          gammafunk_ghost_stat_death
D:7:      layout_cave_pools, serial_shops, kennysheep_little_box, enter_bailey_3
D:8:      layout_rooms
D:9:      minmay_evil_eye, layout_loops_ring, cheibriados_altar_1
D:10:     layout_basic, basic_altar
D:11:     layout_irregular_city, lair_entry_dummy, gammafunk_ghost_hive
D:12:     layout_rooms, orc_0_dummy, ebering_ghost_inner_flame
D:13:     layout_irregular_city, grunt_vaults_entry_tiered, david_nohive_1,
          grunt_gozag_breadcrumbs
D:14:     minmay_slanted_spiral_squares, layout_irregular_city, chequers_avenue,
          basic_altar, kennysheep_generic_room_16
D:15:     hangedman_depths_entry_try_elsewhere_first, layout_small_grid,
          special_room [special_room_orc], drop_trap
Temple:   nicolae_temple_figure_eight
Lair:1:   layout_chaotic_city
Lair:2:   layout_hall_layers, minmay_holes, grunt_forest_large_clearings
Lair:3:   lemuel_slime, layout_cave_pods, spider_nest_entry_rubble, basic_altar
Lair:4:   layout_cave_pods, skrybe_swamp_entry_bodies
Lair:5:   layout_misc_corridors, ebering_ghost_funeral_grove,
          serial_bayou_shore_b
Lair:6:   gammafunk_lair_ancient_temple, layout_regular_city, slime_altar_2,
          roderic_batcave
Swamp:1:  layout_basic_swamp, hangedman_swamp_lotus, swamp_pool4
Swamp:2:  layout_basic_swamp, nicolae_swamp_little_tower, uniq_frances
Swamp:3:  cheibrodos_swamp_heart_of_darkness, layout_basic_swamp,
          evilmike_swamp_ruin_house_2, swamp_pool1, hangedman_swamp_wriggling
Swamp:4:  swamp_pestilence, layout_basic_swamp, swamp_pool1
Spider:1: nicolae_spider_mines_1
Spider:2: layout_spider_delve
Spider:3: layout_spider_delve, ebering_ghost_inner_flame, hive_lemuel
Spider:4: grunt_spider_rune_island, uniq_kirke, uniq_arachne
Orc:1:    layout_caves
Orc:2:    st_orc_elflike, layout_diamond_mine, portal_ice_cave_entry_imps,
          gammafunk_ghost_split, minmay_orc_temple_b
Elf:1:    elf_arrival_002, layout_loops_ring, orc_legates
Elf:2:    layout_geoelf_octagon, basic_altar
Elf:3:    grunt_elf_hall_branching, layout_geoelf_diagonals, minivault_28,
          uniq_donald
Vaults:1: nicolae_vaults_circle_grid_a, v_alt_pattern_6, v_misc_4,
          ontoclasm_vaults_ligature, st_lines, v_misc_30,
          nicolae_vaults_ring_of_whatevers, hangedman_vaults_impose,
          grunt_vaults_hallway_long, nicolae_vaults_sealed_display,
          layout_vaults_chaotic_city, serial_shops, shop
Vaults:2: nicolae_vaults_three_branches, st_star, v_pattern_5, vaults_dpeg_ring,
          ontoclasm_vaults_hangar, v_misc_26, ontoclasm_vaults_bender,
          v_rooms_2, vaults_mumra_minichess_inversion, v_misc_5,
          layout_vaults_maze_snakey
Vaults:3: minmay_crypt_entry_simple_statues, vaults_room_stairs_pillars,
          vaults_room_stairs_pillars, nicolae_vaults_little_squares_1,
          v_misc_14, nicolae_vaults_shelves_hall, grunt_vaults_funnel,
          v_misc_25, layout_vaults_quadrants
Vaults:4: advil_vaults_ghost_guards, v_misc_5, nicolae_vaults_mini_display_case,
          ontoclasm_vaults_ring_square, nicolae_vaults_specimen_jars, v_rooms_1,
          nicolae_vaults_network_s, v_misc_15, v_alt_pattern_6,
          vaults_room_glass_cross, v_misc_24, vaults_standard_mumra_lines,
          serial_ice_h, grunt_vaults_hallway_long, ontoclasm_vaults_shuriken,
          layout_vaults_ring, uniq_mennas, uniq_bai_suzhen
Vaults:5: serial_shops
Crypt:1:  layout_regular_city, tombwall_bobbens, uniq_frederick, uniq_mara
Crypt:2:  layout_chaotic_city, serial_sigils_hangedman_snap, lemuel_elevator,
          grunt_megastairs_4, uniq_khufu, uniq_margery
Crypt:3:  quadcrypt_mu
Depths:1: layout_basic, grunt_pan_entry_in_and_out, enter_trove_2, hell_entry,
          lemuel_another_geyser, grunt_megastairs_3, minmay_shoptagon
Depths:2: minmay_gate_of_8, layout_cave_shapes, grunt_pan_entry_zigzag,
          hell_entry, abyss_entry, kennysheep_pointless_box, st_stairs_5,
          uniq_enchantress
Depths:3: hangedman_cross_veins, layout_gridville, enter_ziggurat_e,
          abyss_entry, hell_entry, pan_entry, minmay_misc_feat_plants,
          infiniplex_staircase_pillars_1
Depths:4: vault_1, layout_basic, abyss_entry_flame_altar, hell_entry,
          minmay_staircase_bubble, serial_bayou_shore_b
Depths:5: grunt_zot_entry_pinwheel, layout_cave_pools, lightli_too_deep,
          nicolae_water_bricks, guppyfry_shop_venom, minmay_shop_grove
Zot:1:    layout_cathedral_of_symmetry, gammafunk_ghost_split,
          grunt_ministairs_2
Zot:2:    grunt_zot_stairs_faceoff, layout_onion_interference
Zot:3:    layout_misc_corridors
Zot:4:    lemuel_acid_trip, layout_onion_interference
Zot:5:    layout_twisted_circle
Abyss:3:  nicolae_abyss_rune_left_handed
Bailey:   bailey_axe_4, bailey
IceCv:    ice_cave_small_demon

Skill      XL: |  1  2  3  4  5  6  7  8  9 10 11 12 13 14 15 16 17 18 19 20 21 22 23 24 25 26 27 |
---------------+----------------------------------------------------------------------------------+-----
Conjurations   | 5 6 7 8 10 | 10.0
Fighting       | 1 2 3 4 5 6 7 9 10 12 13 14 15 16 17 18 19 20 21 22 25 | 25.0
Spellcasting   | 4 5 6 8 9 10 11 12 14 | 14.0
Dodging        | 5 6 7 8 10 11 12 13 14 15 17 21 | 21.1
Armour         | 3 4 5 6 7 8 9 10 12 15 | 15.1
Charms         | 2 6 7 10 | 10.0
Necromancy     | 2 5 8 10 12 13 15 16 17 18 19 20 | 20.0
Shields        | 2 3 4 6 9 10 12 14 15 | 15.0
Earth Magic    | 4 7 10 11 12 | 12.0
Translocations | 2 4 |  4.0
Short Blades   | 3 6 8 |  8.0
Air Magic      | 3 10 11 13 | 13.0
Long Blades    | 7 12 13 | 13.3
Stealth        | |  2.4

Action                   |  1- 3 |  4- 6 |  7- 9 | 10-12 | 13-15 | 16-18 | 19-21 | 22-24 | 25-27 || total
-------------------------+-------+-------+-------+-------+-------+-------+-------+-------+-------++-------
Melee: Whip              |       |     6 |       |       |       |       |       |       |       ||     6
       Dagger            |       |       |    19 |   106 |   192 |       |    39 |   143 |       ||   499
       Quick blade       |       |       |       |       |   628 |  1486 |  1499 |  1734 |  1086 ||  6433
       Demon blade       |       |       |       |       |       |       |       |    52 |  1013 ||  1065
       Eudemon blade     |       |       |       |       |       |       |       |       |   795 ||   795
Throw: Stone             |       |       |       |       |       |     1 |       |       |       ||     1
 Cast: Magic Dart        |    92 |   166 |   302 |   382 |   115 |    35 |       |       |    33 ||  1125
       Searing Ray       |       |     3 |    18 |    11 |     6 |       |       |       |       ||    38
       Iskenderun's Myst |       |     2 |    72 |   236 |   101 |    40 |     3 |     7 |    38 ||   499
       Regeneration      |       |       |       |    10 |    39 |    40 |    19 |    11 |    43 ||   162
       Sublimation of Bl |       |       |       |     7 |    41 |    18 |     6 |     4 |    14 ||    90
       Agony             |       |       |       |     3 |     1 |       |       |       |       ||     4
       Borgnjor's Vile C |       |       |       |    38 |   219 |   204 |   147 |   146 |   128 ||   882
       Animate Dead      |       |       |       |    18 |    90 |   105 |    61 |    44 |    33 ||   351
       Blink             |       |       |       |     3 |     5 |     1 |     1 |     2 |       ||    12
       Dispel Undead     |       |       |       |       |    18 |    86 |    46 |    30 |   159 ||   339
       Apportation       |       |       |       |       |       |     1 |       |     1 |     3 ||     5
       Deflect Missiles  |       |       |       |       |       |     6 |     9 |    16 |    13 ||    44
       Bolt of Draining  |       |       |       |       |       |       |    19 |    25 |    35 ||    79
Invok: Brand Weapon With |       |       |       |       |     1 |       |       |       |       ||     1
 Abil: Stop Flying       |       |       |       |       |       |     2 |     1 |     2 |     3 ||     8
       Evoke Flight      |       |       |       |       |       |     1 |     1 |     2 |     3 ||     7
Evoke: Wand              |       |       |     2 |     4 |       |     3 |       |     8 |     9 ||    26
  Use: Scroll            |       |    12 |     3 |    12 |    16 |    13 |    13 |    23 |    18 ||   110
       Potion            |       |       |       |     2 |     1 |     6 |     3 |     1 |    13 ||    26
 Stab: Distracted        |       |       |       |     2 |     8 |    11 |     3 |     7 |    14 ||    45
       Sleeping          |       |       |       |       |       |       |       |       |    10 ||    10
  Eat: Chunk             |     3 |     9 |    14 |    24 |    52 |    32 |    43 |    41 |    18 ||   236
       Ration            |       |     1 |     3 |    11 |    12 |    12 |     6 |     6 |    24 ||    75
Armor: Robe              |     4 |     2 |       |       |       |       |       |       |       ||     6
       Ring mail         |       |    20 |    66 |   138 |   162 |       |       |       |       ||   386
       Scale mail        |       |       |       |       |   145 |   550 |   278 |   466 |   482 ||  1921
Dodge: Dodged            |    14 |    33 |   100 |   320 |   601 |   663 |   402 |   718 |  1083 ||  3934
       Deflected         |       |       |       |       |       |    47 |    72 |   106 |   147 ||   372
Block: Buckler           |       |       |     2 |   100 |   220 |   272 |       |       |       ||   594
       Reflection        |       |       |       |       |     3 |       |    75 |    39 |    70 ||   187
       Shield            |       |       |       |       |       |       |   544 |   898 |  1568 ||  3010
       Rpst.: Demon blade |       |       |       |       |       |       |       |     6 |    60 ||    66
       Eudemon blade     |       |       |       |       |       |       |       |       |    71 ||    71

Table legend:
 A = Non-vault XP
 B = Vault XP
 C = Vault XP percentage of total XP
 D = Non-vault monster count
 E = Vault monster count
 F = Vault count percentage of total count
                 A         B        C        D         E       F
            +---------+---------+-------+---------+---------+-------
      Total |  984461 |  906049 |  47.9 |    1758 |    1051 |  37.4
            +---------+---------+-------+---------+---------+-------
        D:1 |      52 |       0 |   0.0 |      27 |       0 |   0.0
        D:2 |      93 |       1 |   1.1 |      27 |       1 |   3.6
        D:3 |     155 |       0 |   0.0 |      19 |       0 |   0.0
        D:4 |     194 |      20 |   9.3 |       9 |      19 |  67.9
        D:5 |     467 |       0 |   0.0 |      17 |       0 |   0.0
        D:6 |    1253 |    1140 |  47.6 |      25 |      11 |  30.6
        D:7 |    1403 |       8 |   0.6 |      33 |       4 |  10.8
        D:8 |    1428 |       0 |   0.0 |      27 |       0 |   0.0
        D:9 |    1238 |     193 |  13.5 |      13 |       4 |  23.5
       D:10 |    3910 |       0 |   0.0 |      31 |       0 |   0.0
       D:11 |    6903 |       0 |   0.0 |      42 |       0 |   0.0
       D:12 |    5224 |       0 |   0.0 |      46 |       0 |   0.0
       D:13 |   10916 |    9040 |  45.3 |      57 |      42 |  42.4
       D:14 |    8313 |    5923 |  41.6 |      32 |      15 |  31.9
       D:15 |   22830 |    5679 |  19.9 |      54 |      31 |  36.5
     Lair:1 |    3347 |    1072 |  24.3 |      15 |       9 |  37.5
     Lair:2 |     802 |    2492 |  75.7 |       6 |      24 |  80.0
     Lair:3 |    3634 |    1504 |  29.3 |      18 |      21 |  53.8
     Lair:4 |    6199 |     253 |   3.9 |      26 |       1 |   3.7
     Lair:5 |    6990 |    1712 |  19.7 |      29 |       5 |  14.7
     Lair:6 |   11686 |    7117 |  37.9 |      35 |      27 |  43.5
    Swamp:1 |    8255 |       0 |   0.0 |      21 |       0 |   0.0
    Swamp:2 |    9141 |    2248 |  19.7 |      17 |       1 |   5.6
    Swamp:3 |   15500 |   11065 |  41.7 |      39 |      20 |  33.9
    Swamp:4 |    7226 |    8160 |  53.0 |      21 |      35 |  62.5
   Spider:1 |   15408 |     820 |   5.1 |      53 |       2 |   3.6
   Spider:2 |   14256 |       0 |   0.0 |      34 |       0 |   0.0
   Spider:3 |   25835 |    2603 |   9.2 |      56 |       3 |   5.1
   Spider:4 |   13164 |   25418 |  65.9 |      45 |      42 |  48.3
      Orc:1 |    1077 |       0 |   0.0 |      11 |       0 |   0.0
      Orc:2 |    5766 |    9185 |  61.4 |      40 |      52 |  56.5
      Elf:1 |   26933 |   17211 |  39.0 |      46 |      30 |  39.5
      Elf:2 |   15579 |    3504 |  18.4 |      27 |       5 |  15.6
      Elf:3 |   12698 |   45118 |  78.0 |      20 |      35 |  63.6
   Vaults:1 |   18774 |   22323 |  54.3 |      32 |      27 |  45.8
   Vaults:2 |   54584 |   24554 |  31.0 |      92 |      34 |  27.0
   Vaults:3 |   42171 |    3375 |   7.4 |      64 |      10 |  13.5
   Vaults:4 |   29761 |   57928 |  66.1 |      51 |      55 |  51.9
   Vaults:5 |   22160 |  129431 |  85.4 |      34 |      89 |  72.4
    Crypt:1 |   31546 |   37622 |  54.4 |      49 |      13 |  21.0
    Crypt:2 |   35349 |   20853 |  37.1 |      40 |      12 |  23.1
    Crypt:3 |       0 |   61457 | 100.0 |       0 |      81 | 100.0
   Depths:1 |   33482 |   14081 |  29.6 |      46 |      23 |  33.3
   Depths:2 |   19201 |   27644 |  59.0 |      28 |      27 |  49.1
   Depths:3 |   39950 |   27278 |  40.6 |      44 |      19 |  30.2
   Depths:4 |   38374 |   33279 |  46.4 |      47 |      29 |  38.2
   Depths:5 |   33314 |   30706 |  48.0 |      27 |      23 |  46.0
      Zot:1 |   93522 |    4741 |   4.8 |      61 |       2 |   3.2
      Zot:2 |   71420 |   23924 |  25.1 |      39 |      14 |  26.4
      Zot:3 |   56710 |    5475 |   8.8 |      29 |       3 |   9.4
      Zot:4 |   48097 |   53112 |  52.5 |      32 |      53 |  62.4
      Zot:5 |   48171 |  156996 |  76.5 |      25 |      42 |  62.7
    Abyss:3 |       0 |    3770 | 100.0 |       0 |       4 | 100.0
     Bailey |       0 |     974 | 100.0 |       0 |      27 | 100.0
      IceCv |       0 |    5040 | 100.0 |       0 |      25 | 100.0
            +---------+---------+-------+---------+---------+-------
